Map: Blackburn LE

Players

Lambo - Winner!

  • Race: Zerg Zerg

Nina

  • Race: Protoss Protoss
  • League: Grandmaster

Event: DreamHack SC2 Masters Last Chance 2022

VOD

Have the link to the VOD?

Description

Time

  • Played on: Dec. 19, 2021, 6:26 p.m.
  • Length: 9:07

All games in this series

Show
View Real Time Build Order
Export as new Build Order

Lambo Zerg - Winner!

Build Orders: Hatch First 

Get SALT Encoding   

  12  0:00  Drone  
  13  0:12  Overlord  
  13  0:17  Drone  
  14  0:31  Drone x2  
  16  0:48  Hatchery  
  15  0:51  Drone  
  15  0:55  Drone  
  17  0:58  Drone  
  18  1:08  Extractor  
  17  1:13  Spawning Pool  
  17  1:16  Drone  
  17  1:20  Drone  
  18  1:28  Drone  
  19  1:39  Drone  
  20  1:49  Drone  
  21  2:00  Queen x2  
  21  2:01  Drone  
  26  2:02  Overlord  
  26  2:11  Drone  
  26  2:12  Zergling x2  
  26  2:13  Metabolic Boost  
  28  2:21  Drone x2  
  30  2:33  Hatchery  
  29  2:39  Drone  
  29  2:42  Zergling x2  
  29  2:43  Drone  
  32  2:44  Overlord  
  32  2:51  Queen  
  34  2:54  Drone  
  35  2:59  Drone  
  35  3:05  Drone x2  
  38  3:09  Queen  
  38  3:10  Overlord  
  40  3:13  Drone x2  
  42  3:20  Overlord  
  42  3:24  Drone  
  42  3:27  Overlord  
  43  3:30  Queen  
  43  3:32  Drone  
  46  3:36  Spore Crawler  
  46  3:39  Drone  
  46  3:43  Drone x3  
  46  3:46  Queen  
  51  3:50  Drone x2  
  51  3:53  Zergling x2  
  54  4:03  Drone x5  
  54  4:07  Drone x3  
  62  4:16  Roach Warren  
  61  4:17  Zergling x2  
  61  4:18  Drone, Zergling x2  
  61  4:22  Overlord  
  64  4:25  Drone x2  
  65  4:32  Lair  
  65  4:35  Extractor, Overlord  
  65  4:36  Drone, Extractor  
  64  4:39  Queen, Overlord  
  64  4:44  Zergling x10  
  70  4:46  Drone  
  70  4:49  Drone x3  
  74  4:54  Drone x4  
  80  5:00  Drone x2, Spore Crawler  
  80  5:03  Drone  
  80  5:05  Drone  
  81  5:10  Drone  
  81  5:14  Drone  
  83  5:15  Hatchery  
  83  5:16  Extractor  
  83  5:17  Drone x3  
  83  5:18  Evolution Chamber  
  83  5:20  Drone x2  
  84  5:24  Drone x3  
  84  5:27  Drone x2  
  89  5:29  Overlord  
  89  5:32  Extractor x2  
  87  5:36  Drone  
  87  5:40  Drone x2  
  88  5:44  Spire, Zerg Melee Weapons Level 1  
  88  5:45  Drone x3  
  88  5:48  Overseer  
  89  5:50  Queen  
  89  5:52  Queen  
  89  5:56  Drone x4  
  97  6:11  Glial Reconstitution  
  97  6:13  Queen  
  97  6:17  Spore Crawler  
  98  6:18  Drone  
  95  6:26  Queen  
  95  6:27  Drone x7  
  103  6:37  Overlord x3  
  103  6:42  Overlord  
  103  6:44  Overlord  
  103  6:45  Overlord  
  103  6:46  Overlord  
  103  6:52  Overlord  
  103  6:54  Overlord  
  103  6:55  Overlord  
  103  6:56  Drone x3  
  103  6:57  Drone x7  
  103  7:01  Zerg Flyer Weapons Level 1  
  113  7:02  Queen x2  
  117  7:09  Extractor x2  
  117  7:14  Zergling x26  
  128  7:19  Hatchery  
  127  7:24  Infestation Pit  
  126  7:38  Overlord  
  126  7:50  Mutalisk x14  
  154  7:52  Mutalisk  
  156  8:02  Mutalisk x4  
  156  8:03  Mutalisk  
  156  8:05  Zergling x8  
  165  8:09  Mutalisk  
  165  8:12  Zergling x12  
  168  8:17  Zergling x2  
  168  8:18  Zergling x4  
  171  8:22  Zergling x6  
  173  8:30  Zergling x10  
  173  8:32  Zergling x16  
  175  8:39  Zergling x4  
  175  8:41  Zergling x8  
Show
View Real Time Build Order
Export as new Build Order

Nina Protoss 

Build Orders: 1 Gate Expand, Oracle Opening 

Get SALT Encoding   

  12  0:00  Probe  
  13  0:12  Probe  
  14  0:18  Pylon  
  14  0:24  Probe (Chrono Boost)  
  15  0:37  Probe (Chrono Boost)  
  15  0:38  Gateway  
  16  0:45  Probe (Chrono Boost)  
  16  0:47  Assimilator  
  17  0:51  Probe  
  18  1:03  Probe  
  19  1:15  Probe  
  20  1:26  Nexus  
  20  1:35  Cybernetics Core  
  20  1:38  Probe  
  21  1:44  Assimilator  
  21  1:50  Probe  
  22  1:54  Pylon  
  22  2:02  Probe  
  23  2:09  Adept (Chrono Boost)  
  23  2:14  Probe  
  26  2:17  Stargate  
  26  2:26  Probe  
  26  2:29  Warp Gate  
  27  2:35  Adept  
  29  2:38  Probe (Chrono Boost)  
  29  2:40  Probe (Chrono Boost)  
  31  2:50  Probe (Chrono Boost)  
  31  2:51  Probe (Chrono Boost)  
  33  2:56  Probe x2 (Chrono Boost)  
  35  3:00  Oracle (Chrono Boost)  
  35  3:04  Probe  
  39  3:07  Gateway  
  39  3:08  Probe  
  40  3:17  Probe  
  41  3:21  Probe  
  41  3:22  Pylon  
  42  3:28  Pylon  
  42  3:29  Probe  
  42  3:33  Probe  
  44  3:36  Void Ray (Chrono Boost)  
  44  3:41  Probe  
  49  3:45  Assimilator  
  49  3:46  Assimilator, Probe  
  50  3:53  Probe  
  51  3:58  Probe  
  52  4:06  Void Ray  
  52  4:08  Probe  
  53  4:11  Probe  
  53  4:15  Pylon  
  58  4:18  Zealot  
  58  4:20  Probe  
  58  4:24  Protoss Air Weapons Level 1, Probe  
  61  4:28  Stargate  
  62  4:33  Nexus  
  62  4:36  Pylon  
  62  4:38  Probe  
  63  4:45  Void Ray (Chrono Boost)  
  63  4:52  Probe  
  68  4:54  Pylon  
  68  4:57  Shield Battery  
  68  5:00  Forge  
  68  5:04  Void Ray (Chrono Boost), Probe  
  69  5:07  Zealot  
  69  5:10  Probe  
  76  5:17  Zealot  
  76  5:20  Void Ray (Chrono Boost), Probe  
  79  5:22  Probe  
  79  5:28  Pylon  
  84  5:39  Void Ray  
  84  5:41  Probe  
  85  5:48  Fleet Beacon, Probe (Chrono Boost)  
  90  5:51  Robotics Facility  
  90  5:54  Probe (Chrono Boost)  
  90  5:55  Probe (Chrono Boost)  
  90  5:57  Void Ray  
  92  6:00  Probe (Chrono Boost)  
  97  6:06  Probe (Chrono Boost)  
  97  6:08  Probe (Chrono Boost)  
  97  6:10  Probe (Chrono Boost)  
  100  6:11  Probe (Chrono Boost)  
  100  6:16  Void Ray  
  100  6:17  Probe  
  102  6:21  Probe  
  107  6:29  Probe x2  
  107  6:31  Assimilator  
  107  6:32  Pylon  
  109  6:34  Pylon x2  
  109  6:35  Assimilator, Pylon  
  109  6:45  Photon Cannon  
  109  6:46  Void Ray  
  109  6:50  Probe x3  
  109  6:53  Void Ray  
  116  7:00  Twilight Council  
  120  7:02  Probe  
  120  7:04  Zealot  
  120  7:05  Probe  
  124  7:14  Photon Cannon  
  124  7:15  Probe  
  121  7:16  Pylon  
  121  7:17  Probe x2  
  121  7:19  Nexus  
  123  7:23  Observer (Chrono Boost)  
  123  7:27  Pylon  
  124  7:34  Carrier  
  124  7:35  Pylon  
  130  7:43  Probe, Templar Archives  
  131  7:45  Shield Battery  
  131  7:48  Photon Cannon  
  131  7:57  Photon Cannon x2, Probe x2  
  133  7:59  Zealot  
  133  8:00  Zealot  
  137  8:10  Photon Cannon  
  143  8:14  Photon Cannon  
  143  8:21  Photon Cannon  
  143  8:22  Photon Cannon, High Templar x2  
  143  8:25  Shield Battery  
  147  8:29  Photon Cannon  
  145  8:38  Probe  
  129  8:48  Archon  
  129  8:51  Probe  
  129  8:52  Probe  
  129  8:55  Shield Battery  
  122  8:57  Photon Cannon  
  122  8:58  High Templar x2  
  111  9:03  Archon  

Tags
 
Add a new tag
Caveats
  • Supply blocks, unpowered buildings, or Contaminate may cause inaccurate times.
  • Supply counts are checked every 10 seconds.